 Dungeon Crawl Stone Soup version 0.25.1-9-gc5326a611f (webtiles) character file.

Game seed: 621519208468564921

2804 growler the Zephyrmancer (level 9, -8/54 HPs)
             Began as a Tengu Air Elementalist on Dec 31, 2020.
             Was a Priest of Okawaru.
             Killed from afar by Maurice (17 damage)
             ... with a bolt of acid
             ... on level 8 of the Dungeon on Jan 1, 2021.
             The game lasted 00:43:08 (10045 turns).

growler the Zephyrmancer (Tengu Air Elementalist)  Turns: 10045, Time: 00:43:09

Health: -8/54      AC:  1    Str:  9    XL:     9   Next: 72%
Magic:  7/17       EV: 14    Int: 17    God:    Okawaru [***...]
Gold:   424        SH:  0    Dex: 16    Spells: 3/18 levels left

rFire    . . .     SeeInvis .   v - +0 dagger (speed)
rCold    . . .     Gourm    .   (no shield)
rNeg     . . .     Faith    .   C - +0 leather armour
rPois    .         Spirit   .   B - +2 hat
rElec    .         Reflect  .   (no cloak)
rCorr    .         Harm     .   (no gloves)
MR       .....                  (boots unavailable)
Stlth    ++........             (no amulet)
HPRegen  0.18/turn              (no ring)
MPRegen  0.15/turn              (no ring)

@: corroded, flying quickly and evasively, quick
A: beak, talons 3, able to fly
a: Stop Flying, Heroism, Renounce Religion


You were on level 8 of the Dungeon.
You worshipped Okawaru.
Okawaru was most pleased with you.
You were not hungry.

You visited 1 branch of the dungeon, and saw 8 of its levels.
You also visited: Sewer.

You collected 424 gold pieces.

Inventory:

Hand Weapons
 i - a +0 dagger
   (You took it off a goblin on level 1 of the Dungeon)
 v - a +0 dagger of speed (weapon)
   (You took it off an orc wizard on level 4 of the Dungeon)
 A - a +0 dagger of draining
   (You took it off an orc wizard on level 5 of the Dungeon)
Missiles
 u - 17 poisoned darts (quivered)
Armour
 a - a +0 robe
 B - a +2 hat (worn)
   (You found it on level 5 of the Dungeon)
 C - a +0 leather armour (worn)
   (You found it on level 5 of the Dungeon)
 E - a +0 kite shield
   (You took it off a gnoll sergeant on level 6 of the Dungeon)
Jewellery
 w - an uncursed amulet of guardian spirit
   (You took it off an orc on level 5 of the Dungeon)
 G - an uncursed ring of protection from cold {unknown}
   (You found it on level 7 of the Dungeon)
Wands
 c - a wand of disintegration (10)
   (You took it off a kobold on level 3 of the Dungeon)
 d - a wand of iceblast (5)
   (You found it on level 4 of the Dungeon)
Scrolls
 b - a scroll of blinking
 f - a scroll of summoning {unknown}
 g - a scroll of magic mapping {unknown}
 h - 4 scrolls of teleportation {@r4}
 j - a scroll of fog
 k - a scroll of fear
 m - 2 scrolls of noise {unknown}
 n - 9 scrolls of remove curse {@r2}
 p - 2 scrolls of random uselessness {unknown}
 s - a scroll of immolation {unknown}
 t - a scroll of enchant weapon {unknown}
 y - a scroll of torment {unknown}
 D - a scroll of enchant armour {unknown}
 F - a scroll of identify {@r1}
Potions
 l - a potion of lignification {!q}
 o - a potion of cancellation
 q - 3 potions of curing {@q1}
 x - a potion of haste {@q3}
 z - a potion of brilliance
Miscellaneous
 r - a box of beasts
Comestibles
 e - 17 rations {!d}
 H - a chunk of flesh


   Skills:
 + Level 5.4 Fighting
 - Level 2.1 Dodging
 - Level 2.0 Stealth
 + Level 1.6 Shields
 - Level 5.0 Spellcasting
 - Level 7.0 Conjurations
 + Level 10.8 Air Magic
 + Level 3.8 Invocations


You had 3 spell levels left.
You knew the following spells:

 Your Spells              Type           Power        Failure   Level  Hunger
a - Shock                 Conj/Air       ####         1%          1    None
b - Airstrike             Air            #####.....   2%          4    ####...
c - Lightning Bolt        Conj/Air       ####......   14%         5    ######.
d - Static Discharge      Conj/Air       ####....     1%          3    ###....
s - Swiftness             Chrm/Air       ###.....     3%          2    #......

Your spell library contained the following spells:

 Spells                   Type           Power        Failure   Level  Hunger
 Infusion                 Chrm           #...         21%         1    None
 Shroud of Golubria       Chrm/Tloc      #.....       30%         2    #......
 Song of Slaying          Chrm           #.......     30%         2    #......
 Confusing Touch          Hex            #.......     52%         3    ###....
 Gell's Gravitas          Tloc           #.........   52%         3    ###....
 Ozocubu's Armour         Chrm/Ice       #.......     52%         3    ###....
 Spectral Weapon          Hex/Chrm       #.......     52%         3    ###....
 Petrify                  Tmut/Erth      #.......     89%         4    ####...
 Metabolic Englaciation   Hex/Ice        #.........   99%         5    ######.
 Yara's Violent Unravell  Hex/Tmut       #.........   99%         5    ######.


Dungeon Overview and Level Annotations

Branches:
Dungeon (8/15)             Temple (0/1) D:7           Sewer (visited)
   Lair: D:8-11

Altars:
Cheibriados
Dithmenos
Fedhas
Gozag
Okawaru
Uskayaw
Xom
Zin

Shops:
D:7 [*?

Annotations:
D:7 2 transporters, radhat240's ghost, novice MiFi
D:8 Maurice


Innate Abilities, Weirdness & Mutations

You have a beak for a mouth.
You have claws for feet.
You can fly continuously.


Message History

Found a ration.
Maurice the Thief comes into view.
He is wielding a +0 short sword, wearing a +2 cloak of stealth and carrying a wand of acid (9).
Maurice shouts!
You hear a shout!
Aim: Maurice, wielding a +0 short sword, wearing a +2 cloak of stealth and carrying a wand of acid (9)
The air twists around and strikes Maurice!
A hound comes into view.
A centaur comes into view.
Aim: Maurice, wielding a +0 short sword, wearing a +2 cloak of stealth and carrying a wand of acid (9) (moderately wounded)
The air twists around and strikes Maurice!
The hound barks!
Maurice drinks a potion.
Maurice seems to speed up.
Aim: Maurice, wielding a +0 short sword, wearing a +2 cloak of stealth and carrying a wand of acid (9) (moderately wounded, fast)
The air twists around and strikes Maurice!
Maurice says to you, "Money or life?
Never mind, I think I'll take both."
Maurice gestures wildly while chanting.
Maurice flickers and vanishes!
Deactivating autopickup; reactivate with Ctrl-A.
The centaur wields a +0 shortbow.
The centaur shoots an arrow.
The arrow hits you.
You hear a zap.
A bolt of acid appears from out of thin air!
The bolt of acid hits you! The acid corrodes you!
You are splashed with acid!
You hear a zap.
A bolt of acid appears from out of thin air!
The bolt of acid hits you!
* * * LOW HITPOINT WARNING * * *
You are splashed with acid!
* * * LOW HITPOINT WARNING * * *
The mass of ice explodes!
The iceblast engulfs something!
The iceblast engulfs the hound!
You hear a zap.
A bolt of acid appears from out of thin air!
The bolt of acid misses you.
The bolt of acid hits the hound!!
The hound is splashed with acid.
The hound dies!
The mass of ice explodes!
The iceblast engulfs something!
You hear a zap.
A bolt of acid appears from out of thin air!
The bolt of acid misses you.
You hear some strange, mumbled words.
The centaur shoots an arrow.
The arrow closely misses you.
You open the lid... ...and a larval oxsting beast leaps out!
Something barely misses your larval oxsting beast.
You hear a zap.
A bolt of acid appears from out of thin air!
The bolt of acid hits your larval oxsting beast!
Your larval oxsting beast is splashed with acid.
The acid corrodes your larval oxsting beast!
The bolt of acid hits you!
You die...

#.%.#####
#....(..#
#....##c#
#.#.. #†#
# #.. #{#
#h{ #.#
... #.#
...c
#{#######
....
#.H.@..<#
#########


You could see a friendly larval oxsting beast (summoned, corroded).

Vanquished Creatures
  A troll (D:6)
  A spriggan (D:7)
  A water moccasin (D:6)
  2 ice beasts
  4 ogres
  2 centaurs
  A gnoll sergeant (D:6)
  2 bullfrogs
  A scorpion (D:6)
  5 howler monkeys
  A bullfrog zombie (D:5)
  5 crimson imps
  A bullfrog skeleton (D:7)
  A jelly (D:5)
  9 orc wizards
  3 orc priests
  A hound (D:7)
  An iron imp (D:6)
  A centaur skeleton (D:6)
  2 iguanas
  3 worker ants (D:5)
  2 hound skeletons (D:6)
  2 howler monkey zombies (D:5)
  3 gnolls (D:6)
  A howler monkey skeleton (D:6)
  A river rat (D:6)
  13 adders
  2 shadow imps (D:6)
  9 oozes
  An adder zombie (D:5)
  3 worms
  15 leopard geckos
  10 orcs
  8 ball pythons
  19 giant cockroaches
  8 goblins
  9 hobgoblins
  2 jackals (D:4)
  2 quokkas
  A ball python skeleton (D:5)
  8 bats
  8 frilled lizards (Sewer)
  A jackal skeleton (D:4)
  8 kobolds
  2 leopard gecko skeletons
  A quokka skeleton (D:5)
  6 rats
193 creatures vanquished.

Vanquished Creatures (others)
  An ogre (D:6)
  A hound (D:8)
  A ball python (D:6)
3 creatures vanquished.

Grand Total: 196 creatures vanquished

Notes
Turn   | Place    | Note
-------+----------+-------------------------------------------
     0 | D:1      | growler the Tengu Air Elementalist began the quest for the
                  | Orb.
     0 | D:1      | Reached XP level 1. HP: 10/10 MP: 4/4
   207 | D:1      | Reached XP level 2. HP: 15/15 MP: 0/6
   211 | D:1      | Learned a level 2 spell: Swiftness
   628 | D:1      | Reached XP level 3. HP: 19/19 MP: 5/7
  1194 | D:2      | Learned a level 3 spell: Static Discharge
  1533 | D:2      | Reached XP level 4. HP: 24/24 MP: 6/9
  1646 | D:2      | Reached skill level 5 in Air Magic
  1821 | D:2      | Found a glowing silver altar of Zin.
  1939 | D:2      | Found an opulent altar of Gozag.
  2862 | D:3      | Found an iron altar of Okawaru.
  2948 | D:3      | Gained mutation: You can fly continuously. [Tengu growth]
  2948 | D:3      | Reached XP level 5. HP: 16/28 MP: 1/10
  3005 | D:2      | Learned a level 4 spell: Airstrike
  3442 | D:3      | Became a worshipper of Warmaster Okawaru
  3462 | D:4      | Noticed an ogre
  3474 | D:4      | Noticed an ogre
  3488 | D:3      | Killed an ogre
  3488 | D:3      | Reached XP level 6. HP: 32/32 MP: 0/12
  3639 | D:3      | Reached skill level 6 in Air Magic
  3911 | D:4      | Reached skill level 5 in Conjurations
  3990 | D:4      | Reached * piety under Okawaru
  4232 | D:4      | Reached XP level 7. HP: 25/36 MP: 10/14
  4816 | D:4      | Found a blossoming altar of Fedhas.
  5143 | D:5      | Entered Level 5 of the Dungeon
  5153 | D:5      | Reached skill level 7 in Air Magic
  5546 | D:5      | Reached XP level 8. HP: 41/41 MP: 10/16
  5552 | D:5      | Reached ** piety under Okawaru
  5552 | D:5      | Reached skill level 5 in Spellcasting
  5559 | D:5      | Learned a level 5 spell: Lightning Bolt
  5649 | D:5      | Reached skill level 8 in Air Magic
  5677 | D:5      | Reached skill level 1 in Fighting
  6340 | D:5      | Reached skill level 9 in Air Magic
  7062 | D:6      | Noticed a +0 dagger
  7063 | D:6      | Found a hide-covered altar of Uskayaw.
  7063 | D:6      | Noticed a +0 dagger
  7074 | D:6      | Reached skill level 1 in Invocations
  7357 | D:6      | Reached XP level 9. HP: 52/52 MP: 4/17
  7453 | D:6      | Reached skill level 10 in Air Magic
  7510 | D:6      | Found a shimmering altar of Xom.
  7510 | D:6      | Noticed a troll
  7526 | D:6      | Killed a troll
  7526 | D:6      | Reached *** piety under Okawaru
  7718 | D:6      | Found a glowing drain.
  7722 | Sewer    | Entered a sewer
  8852 | D:6      | Found a snail-covered altar of Cheibriados.
  8858 | D:6      | Reached skill level 5 in Fighting
  8968 | D:7      | Found Cheibriados's Comfort Zone.
  8968 | D:7      | Found a snail-covered altar of Cheibriados.
  9024 | D:7      | Found a staircase to the Ecumenical Temple.
  9088 | D:7      | Found Egyfyib's Island Escapes.
  9367 | D:7      | Reached skill level 1 in Shields
  9462 | D:7      | Found a shadowy altar of Dithmenos.
  9588 | D:7      | Found a transporter.
  9591 | D:7      | Identified the +9 dire flail of the Insatiable Curses
                  | {vorpal, rN+ MR+ Str+3}
  9591 | D:7      | Identified the +4 great mace "Imnah" {venom, MP+9}
  9591 | D:7      | Noticed a two-headed ogre
  9592 | D:7      | Noticed radhat240's ghost (novice MiFi)
  9594 | D:7      | Found a transporter.
  9664 | D:7      | Found Engioh's Magic Scroll Emporium.
 10029 | D:8      | Noticed Maurice
 10045 | D:8      | Killed from afar by Maurice

Illustrated notes

Levels and vault maps discovered:
D:1:      dpeg_arrival_stone_temple_mockup, layout_loops_ring, st_stairs_4,
          grunt_decor_mini_mirrors
D:2:      layout_basic, marbit_many_paths, first_ration, grunt_gozag_breadcrumbs
D:3:      layout_basic, kennysheep_okawaru_gauntlet, st_stairs_13, dk_vineyard_2
D:4:      layout_cave_pods, fedhas_altar_3
D:5:      layout_loops_ring, minmay_a_box_with_orc_wizards_in_it
D:6:      layout_rooms, dancing_weapons_uskayaw, xom_confusion_cloud,
          slow_altar_2, gup_sewer_entry_spiral
D:7:      layout_cave_pools, nicolae_dithmenos_shadow_blocks,
          minmay_temple_entry_sparse_star, serial_shops, nicolae_shop_trees,
          gammafunk_ghost_smash, the_bakery, minmay_misc_feat_roman,
          minmay_shop_chei, nicolae_island_escapes
D:8:      layout_basic, lemuel_crystal_altar, uniq_maurice

Skill      XL: |  1  2  3  4  5  6  7  8  9 |
---------------+----------------------------+-----
Conjurations   | 2 3 4 5 6 7 |  7.0
Air Magic      | 5 6 7 9 10 | 10.8
Spellcasting   | 3 4 5 |  5.0
Fighting       | 4 5 |  5.4
Invocations    | 2 3 |  3.8
Shields        | 1 |  1.6
Dodging        | |  2.1
Stealth        | |  2.0

Action                   |  1- 3 |  4- 6 |  7- 9 || total
-------------------------+-------+-------+-------++-------
Melee: Dagger            |     6 |    50 |   289 ||   345
       Kick              |     1 |    12 |    81 ||    94
       Peck              |     1 |     8 |    56 ||    65
Throw: Dart              |       |     1 |       ||     1
 Cast: Shock             |    60 |    62 |    64 ||   186
       Static Discharge  |       |     3 |    29 ||    32
       Airstrike         |       |     3 |    44 ||    47
 Abil: Fly               |       |     1 |       ||     1
Evoke: Wand              |       |     1 |     2 ||     3
       Box of beasts     |       |       |     1 ||     1
  Use: Potion            |     2 |       |       ||     2
       Scroll            |       |       |     9 ||     9
 Stab: Sleeping          |     1 |       |     4 ||     5
  Eat: Chunk             |     3 |     3 |    23 ||    29
       Ration            |       |     2 |     1 ||     3
Armor: Robe              |     2 |    10 |     9 ||    21
       Leather armour    |       |       |    40 ||    40
Dodge: Dodged            |     5 |    57 |   179 ||   241
